 Dungeon Crawl Stone Soup version 0.31-a0-149-g3fdcc5976a (webtiles) character file.

Game seed: 5228900459534028716

211 qw the Shooter (level 5, -4/46 HPs)
             Began as a Minotaur Hunter on June 7, 2023.
             Slain by a gnoll
             ... wielding a +0 flail
              (7 damage)
             ... on level 4 of the Dungeon.
             The game lasted 00:00:54 (2278 turns).

qw the Shooter (Minotaur Hunter)                    Turns: 2278, Time: 00:00:55

Health: -4/46      AC:  5    Str: 16    XL:     5   Next: 57%
Magic:  4/4        EV: 11    Int:  6    God:
Gold:   183        SH:  0    Dex: 15    Spells: 4/4 levels left

rFire   . . .        Y - +0 shortbow
rCold   . . .        (shield currently unavailable)
rNeg    . . .        e - +0 ring mail
rPois   .            (helmet restricted)
rElec   .            (no cloak)
rCorr   .            (no gloves)
SInv    .            (no boots)
Will    .....        b - amulet of the acrobat
Stlth   +            (no ring)
HPRegen 0.27/turn    (no ring)
MPRegen 0.09/turn

%: acrobat
@: about to teleport
A: horns 2, retaliatory headbutt
a: no special abilities


You were on level 4 of the Dungeon.
You visited 1 branch of the dungeon, and saw 4 of its levels.

You collected 183 gold pieces.


Innate Abilities, Weirdness & Mutations

You have a pair of horns on your head.
You reflexively headbutt those who attack you in melee.


   Skills:
 - Level 4.2 Fighting
 + Level 6.7 Ranged Weapons
 - Level 1.2 Armour
 - Level 2.1 Dodging
 - Level 0.7 Stealth


You had 4 spell levels left.
You didn't know any spells.
Your spell library was empty.

Inventory:

Hand Weapons
 Y - a +0 shortbow (weapon)
Armour
 e - a +0 ring mail (worn)
 i - a +2 robe of willpower
Jewellery
 b - an amulet of the acrobat (around neck)
Scrolls
 a - a scroll of teleportation
Potions
 c - a potion of haste {unknown}
 d - a potion of heal wounds {unknown}
 f - 2 potions of might
 g - a potion of brilliance {unknown}
 h - 2 potions of degeneration {unknown}

Dungeon Overview and Level Annotations

Branches:
Dungeon (4/15)
 Temple: D:4-7

Altars:
Hepliaklqana

Shops:
D:3 :


Message History

You kill the orc priest!
You start resting.
HP restored.
i - a +2 robe of willpower
Items here: %% ))) [.
There is a stone staircase leading up here.
You open the door. 3 gnolls come into view.
The gnoll shouts! x2
You shoot an arrow. The arrow hits the gnoll!
The gnoll is almost dead.
You shoot an arrow.
The arrow hits the gnoll but does no damage.
The gnoll is almost dead.
You shoot an arrow. The arrow hits the gnoll.
The gnoll is almost dead.
The gnoll hits you from afar with a +0 spear.
The gnoll hits you with a +0 whip!
You shoot an arrow. The arrow hits the gnoll.
You kill the gnoll!
The gnoll barely misses you. The gnoll misses you.
The gnoll hits you from afar with a +0 spear.
You shoot an arrow. The arrow closely misses the gnoll.
The gnoll barely misses you. The gnoll hits you with a +0 flail!
You shoot an arrow. The arrow completely misses the gnoll.
The gnoll hits you from afar with a +0 spear.
The gnoll barely misses you.
You shoot an arrow. The arrow hits the gnoll.
The gnoll is lightly wounded.
The gnoll closely misses you. The gnoll hits you with a +0 flail!
You shoot an arrow. The arrow hits the gnoll.
The gnoll is heavily wounded.
The gnoll hits you from afar with a +0 spear.
The gnoll completely misses you.
2278 ||| READING 2 scrolls of teleportation.
As you read the scroll of teleportation, it crumbles to dust.
You feel strangely unstable.
The gnoll hits you from afar with a +0 spear.
The gnoll hits you with a +0 flail!
You die...

. .. ... ....
..... ####......
#.@g......
#.##g..... #.#
##... #.# . #.#
#<# #.# #######
######.# #.....#
#.>..))#.#.##.##


You could see 2 gnolls.

Vanquished Creatures
  An orc priest (D:4)
  An iguana (D:4)
  An orc wizard (D:4)
  A gnoll (D:4)
  6 adders
  A worm (D:2)
  8 orcs
  3 ball pythons (D:3)
  5 endoplasms
  A goblin (D:1)
  5 hobgoblins
  4 quokkas
  6 bats
  3 frilled lizards
  5 kobolds
  8 rats
59 creatures vanquished.

Notes
Turn   | Place    | Note
-------+----------+-------------------------------------------
     0 | D:1      | qw the Minotaur Hunter began the quest for the Orb.
     0 | D:1      | Reached XP level 1. HP: 18/18 MP: 0/0
     0 | D:1      | 0 ||| qw: Version: 0.2-a-117-gc6b5c8b
     0 | D:1      | 0 ||| qw: Game counter: 2583
     0 | D:1      | 0 ||| qw: Always use a shield: true
     0 | D:1      | 0 ||| qw: God list: Okawaru
     0 | D:1      | 0 ||| qw: Allow faded altars: false
     0 | D:1      | 0 ||| qw: Do Orc after D:15 true
     0 | D:1      | 0 ||| qw: Do second Lair branch before Depths: true
     0 | D:1      | 0 ||| qw: Lair rune preference: random
     0 | D:1      | 0 ||| qw: Plans: Normal
     0 | D:1      | 0 ||| PLANNING D:1-11
    95 | D:1      | Reached XP level 2. HP: 24/25 MP: 1/1
   146 | D:1      | Reached skill level 5 in Ranged Weapons
   225 | D:1      | Reached skill level 3 in Fighting
   334 | D:1      | 334 ||| UPGRADING to +0 ring mail.
   344 | D:1      | 344 ||| DROPPING +0 leather armour.
   345 | D:1      | 345 ||| READING scroll labelled REOSAYQ GATAUPHAT.
   349 | D:1      | 349 ||| DROPPING scroll of butterflies.
   498 | D:2      | Reached skill level 1 in Armour
   512 | D:2      | Reached XP level 3. HP: 30/31 MP: 2/2
  1016 | D:2      | Reached XP level 4. HP: 32/38 MP: 3/3
  1171 | D:2      | 1171 ||| READING scroll labelled BODDES AK KIEW.
  1172 | D:2      | 1172 ||| READING scroll labelled EHECEILOEM.
  1173 | D:2      | 1173 ||| READING 2 scrolls labelled VEQIBRI RODGHEPP.
  1174 | D:2      | 1174 ||| READING scroll labelled ETOQIPP GIUG.
  1175 | D:2      | 1175 ||| DROPPING scroll of vulnerability.
  1285 | D:3      | Found a faded altar of an unknown god.
  1293 | D:3      | Reached skill level 6 in Ranged Weapons
  1507 | D:3      | Found Dubbuteo's Book Emporium.
  1579 | D:3      | Found a hazy altar of Hepliaklqana.
  1979 | D:3      | 1979 ||| UPGRADING to amulet of the acrobat.
  1984 | D:3      | 1984 ||| DRINKING 3 cyan potions.
  2032 | D:4      | Reached XP level 5. HP: 32/46 MP: 4/4
  2141 | D:4      | 2141 ||| FLEEEEING.
  2142 | D:4      | 2142 ||| FLEEEEING.
  2143 | D:4      | 2143 ||| FLEEEEING.
  2145 | D:4      | 2145 ||| FLEEEEING.
  2146 | D:4      | 2146 ||| FLEEEEING.
  2147 | D:4      | 2147 ||| FLEEEEING.
  2148 | D:4      | 2148 ||| FLEEEEING.
  2149 | D:4      | 2149 ||| FLEEEEING.
  2150 | D:4      | 2150 ||| FLEEEEING.
  2151 | D:4      | 2151 ||| FLEEEEING.
  2152 | D:4      | 2152 ||| FLEEEEING.
  2153 | D:4      | 2153 ||| FLEEEEING.
  2157 | D:4      | 2157 ||| FLEEEEING.
  2158 | D:4      | 2158 ||| FLEEEEING.
  2164 | D:4      | 2164 ||| FLEEEEING.
  2165 | D:4      | 2165 ||| FLEEEEING.
  2166 | D:4      | 2166 ||| FLEEEEING.
  2168 | D:4      | 2168 ||| FLEEEEING.
  2277 | D:4      | HP: 8/46 [gnoll/+0 spear (5)]
  2278 | D:4      | 2278 ||| READING 2 scrolls of teleportation.
  2278 | D:4      | HP: 3/46 [gnoll/+0 spear (6)]
  2278 | D:4      | Slain by a gnoll

Levels and vault maps discovered:
D:1:      saegor_arrival_simple_a, layout_rooms, st_stairs_13
D:2:      layout_basic
D:3:      layout_loops_ring, nicolae_hepliaklqana_hazy_memory,
          shapermc_ecumenical_altar_rom_forum, serial_shops,
          nicolae_shop_rolling_square
D:4:      layout_basic, kennysheep_small_spiral

Skill      XL: |  1  2  3  4 |
---------------+-------------+-----
Ranged Weapons | 5 6 |  6.7
Fighting       | 3 4 |  4.2
Armour         | 1 |  1.2
Dodging        | |  2.1
Stealth        | |  0.7

Action                     |  1- 3 |  4- 6 || total
---------------------------+-------+-------++-------
   Fire: Shortbow          |    94 |   110 ||   204
    Use: Scroll            |     1 |     5 ||     6
         Potion            |       |     1 ||     1
 Armour: Leather armour    |     4 |       ||     4
         Ring mail         |     9 |    11 ||    20
  Dodge: Dodged            |    36 |    42 ||    78

Table legend:
 A = Non-vault XP
 B = Vault XP
 C = Vault XP percentage of total XP
 D = Non-vault monster count
 E = Vault monster count
 F = Vault count percentage of total count
                 A         B        C        D         E       F
            +---------+---------+-------+---------+---------+-------
      Total |     300 |       2 |   0.7 |      58 |       1 |   1.7
            +---------+---------+-------+---------+---------+-------
        D:1 |      27 |       2 |   6.9 |      18 |       1 |   5.3
        D:2 |      79 |       0 |   0.0 |      11 |       0 |   0.0
        D:3 |      49 |       0 |   0.0 |      21 |       0 |   0.0
        D:4 |     145 |       0 |   0.0 |       8 |       0 |   0.0
            +---------+---------+-------+---------+---------+-------
